 Dungeon Crawl Stone Soup version 0.31.0-32-g396128a36d (webtiles) character file.

Game seed: 4331413571052941582

23 MJtheKandyman the Poker (level 3, 27/27 HPs)
             Began as a Merfolk Gladiator on Mar 17, 2024.
             Quit the game on level 2 of the Dungeon on Mar 18, 2024.
             The game lasted 00:09:07 (1314 turns).

MJtheKandyman the Poker (Merfolk Gladiator)         Turns: 1314, Time: 00:09:08

Health: 27/27      AC:  4    Str: 16    XL:     3   Next: 0%
Magic:  3/3        EV: 13    Int:  7    God:
Gold:   62         SH:  0    Dex: 15    Spells: 2/2 levels left

rFire   . . .        a - +0 trident
rCold   . . .        (no shield)
rNeg    . . .        b - +0 leather armour
rPois   .            c - +0 helmet
rElec   .            (no cloak)
rCorr   .            (no gloves)
SInv    .            (no boots)
Will    .....        (no amulet)
Stlth   +            (no ring)
HPRegen 0.24/turn    (no ring)
MPRegen 0.08/turn

%: no passive effects
@: no status effects
A: (nimble swimmer 2), mertail
a: no special abilities


You were on level 2 of the Dungeon.
You visited 1 branch of the dungeon, and saw 3 of its levels.

You collected 62 gold pieces.

Inventory:

Hand Weapons
 a - a +0 trident (weapon)
Missiles
 d - 3 throwing nets
 e - a javelin (quivered)
 g - 16 stones
Armour
 b - a +0 leather armour (worn)
 c - a +0 helmet (worn)
Scrolls
 f - a scroll of amnesia {unknown}
 h - a scroll of teleportation {unknown}
 i - a scroll of identify {unknown}
 j - 2 scrolls of vulnerability {unknown}
 l - a scroll of noise {unknown}
Potions
 k - a potion of enlightenment {unknown}


   Skills:
 - Level 2.1 Fighting
 + Level 5.4 Polearms
 - Level 2.0 Throwing
 - Level 4.0 Dodging


You had 2 spell levels left.
You didn't know any spells.
Your spell library contained the following spells:

 Spells                   Type           Power      Damage    Failure   Level
 Cigotuvi's Dreadful Rot  Necr/Alch/Air  0%         N/A       65%         2
 Ignite Poison            Fire/Alch      0%         N/A       99%         4
 Freezing Cloud           Conj/Ice/Air   0%         6-21      100%        5
 Malign Gateway           Summ/Tloc      0%         N/A       100%        7
 Summon Horrible Things   Summ           0%         N/A       100%        8


Dungeon Overview and Level Annotations

Branches:
Dungeon (3/15)

Altars:


Innate Abilities, Weirdness & Mutations

((You are very nimble when in or above water. (Stealth+, EV+, Speed+++)))
Your lower body shifts to a powerful aquatic tail in water.


Message History

The giant cockroach is almost dead.
The giant cockroach bites you. The endoplasm closely misses you.
The giant cockroach closely misses you.
You puncture the giant cockroach!
You kill the giant cockroach!
The endoplasm misses you.
You hit the endoplasm.
You kill the endoplasm!
You start waiting.
Done waiting.
You open the door.
A bat comes into view.
Throw: javelin
Press: ? - help, Q - select action, (/) - cycle Shift-Dir - straight line, f - bat
Aim: a bat (asleep, 98% to hit)
You throw a javelin. The javelin pierces through the bat.
The bat is severely wounded.
The bat misses you.
You hit the bat.
You kill the bat!
Found a glowing orb.
There is an open door here.
You see here a bat corpse.
You see here a javelin.
e - a javelin A goblin comes into view. It is wielding a +0 club.
You see here an orb of light.
You closely miss the goblin. The goblin hits you but does no damage.
You puncture the goblin!
You kill the goblin!
You have reached level 3!
Your experience leads to an increase in your attributes!
Increase (S)trength, (I)ntelligence, or (D)exterity?
Welcome back, MJtheKandyman the Merfolk Gladiator.
Press ? for a list of commands and other information.
You have reached level 3!
Your experience leads to an increase in your attributes!
Increase (S)trength, (I)ntelligence, or (D)exterity?
You feel stronger. x2
Are you sure you want to abandon this character and quit the game? (Confirm with "yes".)

#.##.....#
#.##.....#
#.##.....#
#.##.....#
#.##.....# #.#
#.#
##†#########
#...@......#
#..........###
#........[...#
#....####).#.#
#....# .....#
#..#.# ####..#
#..#.# ..#
#..#.. ..#
#..#### ##


There were no monsters in sight!

Vanquished Creatures
  2 dart slugs (D:1)
  A bat (D:2)
  2 endoplasms
  A giant cockroach (D:2)
  A goblin (D:2)
  3 hobgoblins (D:1)
  2 quokkas (D:1)
  3 ball pythons
  2 frilled lizards
  A rat (D:1)
18 creatures vanquished.

Notes
Turn   | Place    | Note
-------+----------+-------------------------------------------
     0 | D:1      | MJtheKandyman the Merfolk Gladiator began the quest for the
                  | Orb.
     0 | D:1      | Reached XP level 1. HP: 16/16 MP: 1/1
    18 | D:1      | Noticed an electric eel
    94 | D:1      | Reached XP level 2. HP: 22/22 MP: 2/2
   380 | D:1      | Reached skill level 5 in Polearms
  1309 | D:2      | Reached XP level 3. HP: 27/27 MP: 3/3
  1314 | D:2      | Quit the game

Illustrated notes

Levels and vault maps discovered:
D:1:      arrival_aquarium_a, layout_loops_corners
D:2:      layout_basic, minmay_heptomino_l4
D:3:      gammafunk_steamed_eel, layout_basic, mainiacjoe_overflow_chevrons,
          minmay_misc_feat_tiny

Skill      XL: |  1  2 |
---------------+-------+-----
Polearms       | 5 |  5.4
Fighting       | |  2.1
Throwing       | |  2.0
Dodging        | |  4.0

Action                     || total
---------------------------++-------
  Melee: Trident           ||    34
  Throw: Javelin           ||     4
 Armour: Leather armour    ||     7
  Dodge: Dodged            ||    22
